Map: Lerilak Crest

Players

SticklerMac

  • Race: Zerg Zerg
  • League: Platinum

JonDillinger - Winner!

  • Race: Zerg Zerg
  • League: Platinum

VOD

Have the link to the VOD?

Description

Time

  • Played on: Nov. 15, 2015, 4:41 p.m.
  • Length: 15:26
Show
View Real Time Build Order
Export as new Build Order

SticklerMac Zerg 

Build Orders: Hatch First 

Get SALT Encoding   

  12  0:01  Drone  
  13  0:12  Overlord  
  13  0:17  Drone  
  14  0:30  Drone x2  
  14  0:35  Drone  
  17  0:56  Hatchery  
  16  1:02  Drone  
  17  1:06  Extractor  
  17  1:08  Drone  
  17  1:22  Spawning Pool  
  17  1:23  Drone  
  17  1:27  Drone  
  18  1:33  Drone  
  19  1:41  Overlord  
  19  1:49  Drone  
  20  2:00  Drone  
  21  2:09  Metabolic Boost  
  21  2:10  Queen  
  23  2:17  Queen  
  23  2:21  Drone  
  26  2:26  Drone  
  27  2:32  Baneling Nest  
  27  2:36  Drone  
  27  2:40  Zergling x2  
  27  2:41  Zergling x2  
  29  2:47  Zergling x2  
  29  2:48  Zergling x2  
  31  2:57  Zergling x2  
  31  2:58  Zergling x4  
  34  3:02  Zergling x2  
  35  3:07  Zergling x2  
  36  3:15  Overlord x2  
  36  3:27  Overlord  
  36  3:33  Baneling  
  36  3:34  Baneling x6  
  36  4:08  Zergling x2  
  36  4:09  Zergling x22  
  39  4:14  Queen  
  41  4:18  Drone  
  41  4:20  Drone  
  43  4:34  Zergling x2  
  43  4:35  Zergling x2  
  45  4:40  Queen  
  45  4:41  Drone  
  47  4:50  Lair  
  47  5:01  Drone  
  47  5:02  Drone x6  
  54  5:07  Extractor  
  53  5:16  Queen  
  55  5:28  Drone  
  55  5:29  Drone x3  
  55  5:32  Overlord  
  59  5:52  Pneumatized Carapace  
  52  6:08  Zergling x2  
  52  6:09  Zergling x16  
  52  6:10  Zergling x2  
  54  6:31  Drone  
  55  6:34  Drone, Queen  
  55  6:35  Spire  
  50  7:10  Drone x3, Extractor  
  50  7:11  Drone x4, Extractor  
  50  7:13  Queen x2  
  57  7:45  Zergling x8  
  57  7:46  Zergling x14  
  57  7:49  Queen x2  
  66  7:54  Mutalisk  
  66  7:55  Mutalisk  
  66  7:57  Mutalisk  
  67  8:02  Zergling x4  
  64  8:09  Mutalisk x2  
  64  8:21  Mutalisk x2  
  68  8:36  Overlord x4  
  68  9:09  Mutalisk x5  
  72  9:10  Mutalisk  
  80  9:23  Mutalisk  
  80  9:24  Mutalisk  
  84  9:40  Hatchery  
  83  9:50  Mutalisk x3  
  86  10:00  Mutalisk  
  88  10:08  Mutalisk  
  88  10:12  Overlord x3  
  90  10:17  Zergling x4  
  90  10:18  Zergling x10  
  97  10:21  Queen  
  99  10:29  Queen  
  99  10:34  Zergling x6  
  99  10:35  Zergling x2  
  100  10:40  Hatchery  
  100  10:41  Baneling x3  
  100  10:42  Baneling x5  
  99  10:46  Overlord x2  
  74  11:07  Zergling x12  
  68  11:16  Mutalisk  
  66  11:23  Mutalisk x4  
  66  11:24  Zergling x2  
  66  11:25  Zergling x4  
  64  11:31  Queen  
  60  11:41  Mutalisk  
  60  11:43  Zergling x2  
  60  11:44  Zergling x8  
  67  11:50  Queen  
  69  12:02  Mutalisk  
  69  12:03  Mutalisk  
  69  12:04  Zergling x4  
  69  12:05  Zergling x2  
  76  12:11  Drone  
  76  12:12  Drone  
  78  12:29  Drone x4  
  82  12:37  Mutalisk  
  82  12:40  Drone  
  82  12:42  Drone  
  86  12:51  Queen  
  88  13:21  Mutalisk x3  
  69  13:54  Mutalisk x2  
  66  14:08  Drone x4  
  66  14:09  Drone x6  
  76  14:30  Mutalisk x2  
  81  14:31  Zergling x10  
  81  14:32  Zergling x12  
  81  14:33  Zergling x6  
  94  14:54  Baneling x2  
  94  14:55  Baneling x7  
  94  14:56  Baneling  
  86  15:00  Baneling  
  86  15:01  Baneling x2  
Show
View Real Time Build Order
Export as new Build Order

JonDillinger Zerg - Winner!

Build Orders: Hatch First, Zergling Baneling 

Get SALT Encoding   

  12  0:01  Drone  
  13  0:09  Drone  
  14  0:16  Overlord  
  14  0:24  Drone, Extractor  
  15  0:36  Drone x2  
  17  0:44  Drone  
  18  0:59  Hatchery  
  18  1:03  Drone  
  18  1:05  Extractor  
  18  1:06  Drone  
  18  1:17  Drone  
  19  1:22  Spawning Pool  
  18  1:27  Drone  
  19  1:39  Drone  
  20  1:48  Overlord  
  20  2:11  Queen  
  20  2:13  Queen  
  20  2:14  Metabolic Boost  
  24  2:16  Zergling x4  
  24  2:17  Drone  
  27  2:25  Drone x2  
  27  2:28  Baneling Nest  
  28  2:32  Drone  
  29  2:38  Drone  
  29  2:43  Overlord  
  30  2:47  Drone  
  31  2:57  Drone x2  
  33  3:06  Drone x2  
  33  3:14  Zergling x2  
  33  3:19  Zergling x2  
  35  3:20  Roach Warren, Queen  
  36  3:28  Zergling x6  
  36  3:29  Zergling x6  
  36  3:34  Baneling x2  
  42  3:40  Baneling x2  
  37  4:13  Roach  
  37  4:14  Roach x2  
  43  4:19  Overlord x2  
  43  4:46  Baneling x5  
  43  4:48  Roach x3  
  43  4:49  Zergling x6  
  52  4:59  Drone x4, Extractor  
  56  5:00  Drone x3  
  58  5:15  Overlord  
  58  5:21  Extractor x2  
  56  5:40  Roach x5  
  56  5:41  Overlord x3  
  66  5:49  Lair  
  55  6:16  Drone x3  
  58  6:21  Roach  
  58  6:22  Roach x6  
  70  6:27  Drone  
  70  6:28  Drone x3  
  74  6:33  Drone  
  72  7:08  Spore Crawler  
  71  7:09  Spore Crawler  
  71  7:11  Spore Crawler  
  71  7:12  Spore Crawler  
  68  7:16  Hydralisk Den  
  65  7:32  Drone x11  
  65  7:33  Drone x2  
  70  7:56  Hydralisk  
  70  7:57  Hydralisk x6  
  78  8:10  Hatchery  
  78  8:12  Zergling x8  
  69  8:28  Overseer  
  69  8:31  Hatchery  
  69  8:33  Baneling x5  
  68  8:34  Hydralisk  
  68  8:35  Hydralisk x4  
  68  8:36  Hydralisk  
  80  8:55  Hydralisk x2  
  84  9:17  Spore Crawler x3  
  81  9:27  Overlord x3  
  81  9:46  Hydralisk x11  
  103  9:57  Overlord x3  
  103  10:09  Muscular Augments  
  101  10:35  Zergling x2  
  101  10:36  Zergling x24  
  101  10:41  Baneling  
  114  10:43  Overlord  
  114  10:44  Overlord x2  
  69  11:12  Hydralisk x5  
  69  11:13  Hydralisk x3  
  69  11:32  Hydralisk x5  
  73  12:08  Infestation Pit  
  73  12:12  Hydralisk x8  
  73  12:13  Hydralisk  
  91  12:44  Zergling x10  
  91  12:45  Zergling x8  
  91  12:47  Pathogen Glands  
  99  13:03  Baneling  
  99  13:04  Baneling x9  
  99  13:15  Overlord  
  99  13:16  Overlord x3  
  99  13:36  Infestor x4  
  99  13:40  Infestor  
  107  14:24  Hatchery  
Tags
 
Add a new tag
Caveats
  • Supply blocks, unpowered buildings, or Contaminate may cause inaccurate times.
  • Supply counts are checked every 10 seconds.